 Dungeon Crawl Stone Soup version 0.14-a0-218-g24e112a (webtiles) character file.

461 Malachi the Skirmisher (level 5, -10/44 HPs)
             Began as a Draconian Abyssal Knight on Oct 8, 2013.
             Was a Priest of Lugonu.
             Mangled by an ogre
             ... wielding a +0,+0 giant spiked club
              (35 damage)
             ... on Level 4 of the Dungeon.
             The game lasted 00:07:20 (2945 turns).

Malachi the Skirmisher (Draconian Abyssal Knight)   Turns: 2945, Time: 00:07:20

HP -10/44        AC  5     Str 15      XL: 5   Next: 85%
MP   7/7         EV 13     Int 13      God: Lugonu [***...]
Gold 214         SH  9     Dex 15      Spells:  0 memorised,  4 levels left

Res.Fire  : . . .   See Invis. : +   a - +3,+2 spear
Res.Cold  : . . .   Warding    : .   (armour unavailable)
Life Prot.: . . .   Conserve   : .   q - +1 buckler
Res.Poison: .       Res.Corr.  : .   (helmet restricted)
Res.Elec. : .       Clarity    : .   (no cloak)
Sust.Abil.: . .     Spirit.Shd : .   (no gloves)
Res.Mut.  : .       Stasis     : .   (no boots)
Res.Rott. : .       Flight     : .   (no amulet)
Saprovore : . . .                    x - ring of see invisible
                                     k - +5 ring of dexterity

@: slightly resistant to hostile enchantments, fairly stealthy
A: unfitting armour, AC +5
a: Depart the Abyss, Bend Space, Banish, Renounce Religion


You were on level 4 of the Dungeon.
You worshipped Lugonu.
Lugonu was most pleased with you.
You were hungry.

You visited 1 branch of the dungeon, and saw 4 of its levels.
You visited the Abyss 1 time.

You collected 194 gold pieces.

Inventory:

Hand weapons
 a - a +3,+2 spear (weapon)
 r - a +0,+2 dwarven battleaxe
Armour
 q - a +1 buckler (worn)
 y - a +1 dwarven buckler
Magical devices
 s - a wand of heal wounds (3)
 w - a wand of fire (5)
Comestibles
 b - 10 strawberries
 c - a bread ration
 n - a pear
 t - a meat ration
 u - a chunk of orc flesh
Scrolls
 g - a scroll of curse weapon
 h - 2 scrolls of fog
 l - a scroll of identify
 o - 2 scrolls of teleportation
Jewellery
 k - a +5 ring of dexterity (left hand)
 p - an uncursed ring of protection from fire
 x - a ring of see invisible (right hand)
Potions
 d - a potion of mutation {unknown}
 e - 2 potions of agility
 f - a potion of magic {unknown}
 i - 4 potions of curing {unknown}
 j - 2 potions of brilliance {unknown}
 m - a potion of restore abilities {unknown}
 v - a potion of invisibility {unknown}


   Skills:
 + Level 4.2 Fighting
 * Level 3.5 Polearms
 + Level 3.8 Dodging
 + Level 1.3 Stealth
 + Level 1.2 Shields
 + Level 2.4 Invocations


You had 4 spell levels left.
You didn't know any spells.

Dungeon Overview and Level Annotations

Branches:
Dungeon (4/27)
 Temple: D:4-7

Altars:


Message History

The ogre misses you.
Evoke which item? (* to show all) (? for menu, Esc to quit)
Zapping:
w - a tapered fluorescent wand
Press: ? - help, Shift-Dir - straight line, f/p - ogre
Aim: an ogre, wielding a giant spiked club The bolt of fire misses the ogre.
w - a wand of fire {zapped: 1} Evoke which item? (* to show all) (? for menu, Esc to quit)
Zapping:
s - a wand of heal wounds {zapped: 1}
Press: ? - help, Shift-Dir - straight line, f - you, p - ogre
Okay, then.
Evoke which item? (* to show all) (? for menu, Esc to quit)
Zapping:
w - a wand of fire {zapped: 1}
Press: ? - help, Shift-Dir - straight line, f/p - ogre
Aim: an ogre, wielding a giant spiked club The bolt of fire hits the ogre.
The ogre is heavily wounded.
The ogre hits you with a giant spiked club!
Ouch! That really hurt!
You die...

#...#.#
###########
#..##.#
#..<#.#
#...#.
#...# #...#
#...# #..O#
#..@# #...#
#...# #...#
#...# #...#
#...# #....
#..


You could see an ogre.

Vanquished Creatures
  An orc priest (D:4)
  2 orc wizards
  A worker ant (D:4)
  The ghost of 4tharraofdagon the Cutter, a weakling KoBe of Trog (D:3)
  4 adders
  A giant mite (D:2)
  3 worms
  A giant gecko (D:3)
  6 orcs
  8 bats
  9 hobgoblins
  7 jackals
  2 giant cockroaches
  3 giant newts
  8 goblins
  8 kobolds
  2 quokkas
  3 rats
70 creatures vanquished.

Notes
Turn   | Place    | Note
--------------------------------------------------------------
     0 | Abyss:1  | Malachi, the Draconian Abyssal Knight, began the quest for the Orb.
     0 | Abyss:1  | Reached XP level 1. HP: 17/17 MP: 1/1
    26 | Abyss:1  | Noticed a green ugly thing
    26 | Abyss:1  | Noticed a green ugly thing
    27 | Abyss:1  | Noticed a green very ugly thing
    27 | Abyss:1  | Noticed a green very ugly thing
    39 | D:1      | Escaped the Abyss
   186 | D:1      | Acquired Lugonu's first power
   424 | D:1      | Reached XP level 2. HP: 24/24 MP: 2/2
   997 | D:2      | Reached XP level 3. HP: 30/30 MP: 4/4
  1132 | D:2      | Reached skill level 4 in Fighting
  1263 | D:2      | Acquired Lugonu's second power
  1459 | D:3      | Noticed 4tharraofdagon's ghost (weakling KoBe)
  1887 | D:3      | Reached skill level 1 in Stealth
  1887 | D:3      | Reached XP level 4. HP: 10/38 MP: 5/5
  2549 | D:3      | Killed 4tharraofdagon's ghost
  2549 | D:3      | Reached XP level 5. HP: 31/44 MP: 7/7
  2633 | D:4      | Acquired Lugonu's third power
  2671 | D:4      | Reached skill level 1 in Shields
  2914 | D:4      | Noticed an ogre
  2945 | D:4      | Mangled by an ogre

Action                   |  1- 3 |  4- 6 || total
-------------------------+-------+-------++-------
Melee: Spear             |   154 |   155 ||   309
Invok: Depart the Abyss  |     1 |       ||     1
Evoke: Wand              |       |     3 ||     3
  Use: Scroll            |     7 |     4 ||    11
 Stab: Sleeping          |     2 |     2 ||     4
